 Dungeon Crawl Stone Soup version 0.26-a0-667-g92642533e4 (webtiles) character file.

Game seed: 6844774126336411908

11711 Napalmbreeze the Cleaver (level 11, -1/107 HPs)
             Began as a Minotaur Gladiator on Oct 16, 2020.
             Was a High Priest of Okawaru.
             Engulfed by a cloud of steam (7 damage)
             ... on level 11 of the Dungeon.
             The game lasted 00:19:16 (12315 turns).

Napalmbreeze the Cleaver (Minotaur Gladiator)      Turns: 12315, Time: 00:19:16

Health: -1/107     AC:  6    Str: 28      XL:     11   Next: 52%
Magic:  8/12       EV: 12    Int:  5      God:    Okawaru [*****.]
Gold:   1024       SH:  0    Dex: 11 (12) Spells: 10/10 levels left

rFire    . . .     SeeInvis +   F - +0 battleaxe (freeze)
rCold    . . .     Faith    .   (shield currently unavailable)
rNeg     . . .     Spirit   .   x - +0 plate armour
rPois    .         Reflect  .   c - +0 hat
rElec    .         Harm     .   C - +0 cloak
rCorr    .         Rampage  .   b - +0 pair of gloves
MR       .....                  (no boots)
Stlth    ..........             (no amulet)
HPRegen  0.27/turn              m - ring of see invisible
MPRegen  0.13/turn              H - +6 ring of strength

@: heroism, corroded, lightly drained
A: retaliatory headbutt, horns 2
a: Heroism, Finesse, Renounce Religion


You were on level 11 of the Dungeon.
You worshipped Okawaru.
Okawaru was extremely pleased with you.
You visited 3 branches of the dungeon, and saw 13 of its levels.

You collected 1024 gold pieces.

Inventory:

Hand Weapons
 D - a +2 dagger of freezing
 F - a +0 battleaxe of freezing (weapon)
Armour
 b - a +0 pair of gloves (worn)
 c - a +0 hat (worn)
 x - a +0 plate armour (worn)
 C - a +0 cloak (worn)
Jewellery
 m - a ring of see invisible (left hand)
 v - an uncursed ring of protection from magic
 w - an uncursed ring of resist corrosion
 H - a +6 ring of strength (right hand)
Wands
 a - a wand of iceblast (7)
 d - a wand of acid (15)
 n - a wand of polymorph (8)
 B - a wand of paralysis (7)
Scrolls
 f - 6 scrolls of remove curse
 g - 9 scrolls of teleportation
 i - 4 scrolls of magic mapping
 j - a scroll of enchant armour {unknown}
 o - 5 scrolls of enchant weapon
 u - a scroll of noise {unknown}
 y - a scroll of fear {unknown}
 z - a scroll of blinking {unknown}
 E - a scroll of fog {unknown}
 G - a scroll of random uselessness {unknown}
 J - 2 scrolls of immolation {unknown}
Potions
 e - 6 potions of curing
 h - 4 potions of brilliance
 k - a potion of cancellation {unknown}
 l - 3 potions of lignification {unknown}
 p - a potion of haste {unknown}
 q - a potion of stabbing
 r - a potion of ambrosia
 s - a potion of invisibility {unknown}
 t - a potion of resistance
 A - 2 potions of flight {unknown}
 I - a potion of mutation {unknown}


   Skills:
 + Level 13.2(17.6) Fighting
 - Level 14.0(18.4) Axes
 - Level 2.0(6.5) Throwing
 - Level 8.0(12.5) Armour
 - Level 6.0(10.5) Dodging
 - Level 3.0(2.6) Invocations


You had 10 spell levels left.
You didn't know any spells.
Your spell library was empty.

Dungeon Overview and Level Annotations

Branches:
Dungeon (11/15)            Temple (1/1) D:6            Lair (0/6) D:10
    Orc (1/2) D:9

Altars:
Ashenzari
Cheibriados
Dithmenos
Elyvilon
Fedhas
Gozag
Hepliaklqana
Kikubaaqudgha
Makhleb
Nemelex Xobeh
Okawaru
Qazlal
Ru
Sif Muna
Trog
Uskayaw
Vehumet
Wu Jian
Xom
Yredelemnul
Zin
The Shining One
Beogh

Annotations:
Orc:1 Josephine, Urug


Innate Abilities, Weirdness & Mutations

You reflexively headbutt those who attack you in melee.
You have a pair of horns on your head.


Message History

The rust devil hits you. The rust devil corrodes you!
The kobold demonologist hits you but does no damage.
Unknown command.
Unknown command.
Unknown command.
You barely miss the kobold demonologist.
Your headbutt misses the kobold demonologist.
The kobold demonologist is heavily wounded.
You completely miss the rust devil. The rust devil misses you.
You furiously retaliate!
You headbutt the rust devil, but do no damage.
The kobold demonologist mumbles some strange words.
Unknown command.
You slash the kobold demonologist! You freeze the kobold demonologist.
You kill the kobold demonologist!
Okawaru accepts your kill.
The rust devil disappears in a puff of smoke!
The iron imp disappears in a puff of smoke! x3
You are engulfed in a cloud of scalding steam.
You die...

......###########......#
...........#...#########
...........#....#......'
#.....#....#......#
#.....#....#....^.#
#..§..#...##......#
#.....#...##..(...#
#).§..#...'.......#
#######§@...##'###......#
#.....§.§........#......#
#................((.....#
#................#......#
#................#......#
#................########
###############..........
#............'..........
#............#..........


There were no monsters in sight!

Vanquished Creatures
  A hydra (D:10)
  Erica (D:9)
  2 unseen horrors
  3 ugly things
  A cyclops (D:11)
  A gargoyle (D:11)
  A kobold demonologist (D:11)
  A komodo dragon (D:7)
  3 trolls
  A tyrant leech (D:11)
  Sigmund (D:2)
  5 yaks (D:11)
  A wyvern (D:9)
  A wraith (D:11)
  2 vampire mosquitoes (D:10)
  A soldier ant (D:10)
  7 orc warriors
  4 sky beasts
  An eye of draining (D:10)
  An ice beast (D:7)
  A necrophage (D:7)
  A phantom (D:9)
  2 centaurs
  8 ogres
  2 bullfrogs
  3 big kobolds
  2 wyvern skeletons (D:9)
  6 killer bees
  5 wights (D:7)
  2 howler monkeys
  2 jellies (D:7)
  A quasit (D:5)
  3 hounds
  7 orc priests
  A bullfrog skeleton (D:11)
  2 centaur skeletons
  16 orc wizards
  Ijyb (D:4)
  5 iguanas
  7 worker ants
  Robin (D:2)
  3 hound skeletons
  A worker ant zombie (D:7)
  12 adders
  A shadow imp (D:8)
  A white imp (D:7)
  3 ufetubi
  2 adder skeletons (D:7)
  3 worms
  3 dart slugs
  5 leopard geckos
  36 orcs
  4 giant cockroaches
  13 goblins
  10 hobgoblins
  25 jackals
  3 quokkas
  2 ball pythons
  5 bats
  6 frilled lizards
  A jackal skeleton (D:7)
  20 kobolds
  A quokka skeleton (D:5)
  A quokka zombie (D:7)
  3 rats
281 creatures vanquished.

Vanquished Creatures (others)
  4 withered plants (D:10)
4 creatures vanquished.

Grand Total: 285 creatures vanquished

Notes
Turn   | Place    | Note
-------+----------+-------------------------------------------
     0 | D:1      | Napalmbreeze the Minotaur Gladiator began the quest for the
                  | Orb.
     0 | D:1      | Reached XP level 1. HP: 18/18 MP: 0/0
   203 | D:1      | Reached skill level 4 in Axes
   203 | D:1      | Reached XP level 2. HP: 25/25 MP: 1/1
   653 | D:2      | Reached XP level 3. HP: 31/31 MP: 2/2
   808 | D:2      | Noticed Sigmund
   827 | D:2      | Killed Sigmund
   827 | D:2      | Reached skill level 5 in Fighting
   827 | D:2      | Reached skill level 5 in Axes
   827 | D:2      | Reached skill level 6 in Axes
   827 | D:2      | Reached XP level 4. HP: 27/42 MP: 3/3
   827 | D:2      | Reached XP level 5. HP: 31/48 MP: 4/4
  1020 | D:2      | Noticed Robin
  1026 | D:2      | Killed Robin
  1348 | D:2      | Reached XP level 6. HP: 56/56 MP: 5/5
  1604 | D:3      | Reached skill level 7 in Axes
  2138 | D:3      | Reached skill level 1 in Armour
  2773 | D:4      | Noticed Ijyb
  3168 | D:3      | Reached XP level 7. HP: 40/62 MP: 6/6
  3298 | D:4      | Killed Ijyb
  3874 | D:4      | Reached skill level 8 in Axes
  3951 | D:5      | Entered Level 5 of the Dungeon
  4494 | D:6      | Reached XP level 8. HP: 69/73 MP: 7/7
  4495 | D:6      | Reached skill level 5 in Armour
  4570 | D:6      | Found a staircase to the Ecumenical Temple.
  4579 | Temple   | Entered the Ecumenical Temple
  4673 | Temple   | Became a worshipper of Warmaster Okawaru
  4995 | D:6      | Found a stormy altar of Qazlal.
  5045 | D:6      | Found an iron altar of Okawaru.
  5052 | D:6      | Reached skill level 1 in Invocations
  5847 | D:7      | Found a burning altar of Makhleb.
  5847 | D:7      | Found a sacrificial altar of Ru.
  5978 | D:7      | Reached * piety under Okawaru
  6922 | D:7      | Noticed a komodo dragon
  6922 | D:7      | Noticed a cyan ugly thing
  6931 | D:7      | Killed a cyan ugly thing
  6931 | D:7      | Reached ** piety under Okawaru
  6931 | D:7      | Reached XP level 9. HP: 54/83 MP: 7/10
  7229 | D:7      | Reached skill level 9 in Axes
  7259 | D:7      | Killed a komodo dragon
  7942 | D:8      | Reached skill level 10 in Fighting
  8075 | D:8      | Reached skill level 10 in Axes
  8151 | D:8      | Found a snail-covered altar of Cheibriados.
  8306 | D:9      | Found a staircase to the Orcish Mines.
  8504 | D:9      | Reached *** piety under Okawaru
  8596 | D:9      | Found an ancient bone altar of Kikubaaqudgha.
  8597 | D:9      | Found a shadowy altar of Dithmenos.
  8598 | D:9      | Found a bloodstained altar of Trog.
  8609 | D:9      | Reached skill level 11 in Axes
  8612 | D:9      | Reached XP level 10. HP: 85/94 MP: 11/11
  8879 | D:9      | Noticed Erica
  8899 | D:9      | Killed Erica
  8899 | D:9      | Reached **** piety under Okawaru
  8909 | D:9      | Reached skill level 12 in Axes
  8912 | D:9      | Found a roughly hewn altar of Beogh.
  9434 | Orc:1    | Entered Level 1 of the Orcish Mines
  9434 | Orc:1    | Noticed Urug
  9434 | Orc:1    | Noticed Josephine
  9516 | D:10     | Entered Level 10 of the Dungeon
  9637 | D:10     | Found a basalt altar of Yredelemnul.
  9752 | D:10     | Found a staircase to the Lair.
  9756 | D:10     | Noticed a five-headed hydra
 10224 | D:10     | Reached ***** piety under Okawaru
 10224 | D:10     | Received a gift from Okawaru
 10230 | D:10     | Noticed an unseen horror
 10242 | D:10     | Killed an unseen horror
 10242 | D:10     | Reached skill level 13 in Axes
 10563 | D:10     | Killed a five-headed hydra
 10568 | D:10     | Reached XP level 11. HP: 51/104 MP: 1/12
 11147 | D:11     | Received a gift from Okawaru
 11198 | D:11     | Noticed a red ugly thing
 11232 | D:11     | Killed a red ugly thing
 11526 | D:11     | Noticed a brown ugly thing
 11533 | D:11     | Killed a brown ugly thing
 11533 | D:11     | Reached skill level 14 in Axes
 11554 | D:11     | Reached skill level 5 in Dodging
 11969 | D:11     | Noticed an unseen horror
 11982 | D:11     | Killed an unseen horror
 12296 | D:11     | Noticed a soul eater
 12309 | D:11     | HP: 5/107 [soul eater[a kobold demonologist] (1)]
 12315 | D:11     | Engulfed by a cloud of steam

Illustrated notes

Levels and vault maps discovered:
D:1:      roderic_dead_forest, layout_loops_ring, st_stairs_7, chequers_garden
D:2:      layout_loops_ring, uniq_sigmund, uniq_robin
D:3:      layout_loops_ring, minmay_door_square
D:4:      layout_loops_cross, kennysheep_nondescript, uniq_ijyb
D:5:      layout_rooms
D:6:      layout_rooms, marbit_many_paths, minmay_temple_entry_large_hall,
          okawaru_trees_1
D:7:      minmay_klotski, layout_basic, gammafunk_temple_overflow_wave
D:8:      layout_gridville, cheibrodos_worm_habitat
D:9:      layout_loops_ring, chequers_temple_overflow_statue_of_worship,
          minmay_orc_entry_temple_small, grunt_ministairs_15, uniq_erica
D:10:     layout_basic, lair_entry_dummy, yredelemnul_altar_generic
D:11:     layout_gridville, minmay_guarded_unrand_vampires_tooth
Temple:   compressed_dpeg_circular_temple
Orc:1:    layout_caves, uniq_urug, uniq_josephine

Skill      XL: |  1  2  3  4  5  6  7  8  9 10 11 |
---------------+----------------------------------+-----
Axes           | 4 6 7 8 11 13 14 | 14.0
Fighting       | 3 5 7 9 10 11 13 | 13.2
Armour         | 2 4 7 8 |  8.0
Invocations    | 3 |  3.0
Dodging        | 6 |  6.0
Throwing       | |  2.0

Action                   |  1- 3 |  4- 6 |  7- 9 | 10-12 || total
-------------------------+-------+-------+-------+-------++-------
Melee: War axe           |    59 |   131 |   146 |       ||   336
       Headbutt          |    13 |    20 |    55 |    46 ||   134
       Battleaxe         |       |       |   151 |   179 ||   330
       Dagger            |       |       |       |    20 ||    20
       Punch             |       |       |       |     1 ||     1
Throw: Throwing net      |     2 |       |     1 |       ||     3
Invok: Heroism           |       |       |     2 |     6 ||     8
       Finesse           |       |       |       |     1 ||     1
Evoke: Wand              |       |       |     1 |       ||     1
  Use: Scroll            |       |     6 |     5 |       ||    11
       Potion            |       |       |     1 |     3 ||     4
 Stab: Held in net/web   |     1 |       |       |       ||     1
Armor: Leather armour    |    12 |    29 |     3 |       ||    44
       Scale mail        |       |       |    30 |       ||    30
       Plate armour      |       |       |   117 |   177 ||   294
Dodge: Dodged            |    36 |    77 |   126 |   131 ||   370

Table legend: (Time is in decaauts)
 A = Elapsed time spent in this place.
 B = Non-inter-level travel time spent in this place.
 C = Inter-level travel time spent in this place.
 D = Time resting spent in this place.
 E = Time spent auto-exploring this place.
 F = Levels seen in this place.
 G = Mean time per level.
                   A        B        C        D        E       F      G
               +--------+--------+--------+--------+--------+-----+--------+
         Total |  12397 |  11943 |    454 |   4046 |   5767 |  13 |  953.6 |
       Dungeon |  12290 |  11845 |    445 |   4046 |   5698 |  11 | 1117.3 |
        Temple |    105 |     96 |      9 |      0 |     69 |   1 |  105.0 |
  Orcish Mines |      1 |      1 |      0 |      0 |      0 |   1 |    1.0 |
               +--------+--------+--------+--------+--------+-----+--------+

Top non-repeatable levels by time:
     D:7: 1955 daAuts
     D:3: 1555 daAuts
    D:11: 1437 daAuts
     D:9: 1312 daAuts
    D:10: 1252 daAuts
     D:8: 1013 daAuts
     D:2: 965 daAuts
     D:4: 820 daAuts
     D:6: 782 daAuts
     D:1: 651 daAuts
     D:5: 542 daAuts
  Temple: 105 daAuts
   Orc:1: 1 daAuts
